 Dungeon Crawl Stone Soup version 0.28-a0-48-gfd831c5874 (webtiles) character file.

Game seed: 6852113626866551816

3 Spectrina the Sneak (level 1, 0/13 HPs)
             Began as a Deep Elf Delver on July 29, 2021.
             Was an Initiate of Vehumet.
             Slain by Duvessa (2 damage)
             ... on level 4 of the Dungeon.
             The game lasted 00:02:17 (284 turns).

Spectrina the Sneak (Deep Elf Delver)                Turns: 284, Time: 00:02:18

Health: 0/13       AC:  3    Str:  9    XL:     1   Next: 41%
Magic:  3/3        EV: 12    Int: 14    God:    Vehumet [......]
Gold:   13         SH:  0    Dex: 16    Spells: 0/0 levels left

rFire   . . .      SeeInvis .   a - +0 short sword
rCold   . . .      Faith    .   (no shield)
rNeg    . . .      Spirit   .   b - +0 leather armour
rPois   .          Reflect  .   (no helmet)
rElec   .          Harm     .   (no cloak)
rCorr   .          Rampage  .   (no gloves)
Will    .....                   (no boots)
Stlth   +++.......              (no amulet)
HPRegen 0.04/turn               (no ring)
MPRegen 0.08/turn               (no ring)

@: hasted, very quick
A: no striking features
a: Renounce Religion


You were on level 4 of the Dungeon.
You worshipped Vehumet.
Vehumet was noncommittal.
You visited 2 branches of the dungeon, and saw 3 of its levels.

You collected 13 gold pieces.

Inventory:

Hand Weapons
 a - a +0 short sword (weapon)
Armour
 b - a +0 leather armour (worn)
Wands
 g - a wand of digging (3)
 j - a wand of iceblast (6)
Scrolls
 c - a scroll of fog
 d - a scroll of magic mapping
 h - a scroll of identify {unknown}
Potions
 i - a potion of lignification {unknown}


   Skills:
 - Level 2.4 Fighting
 - Level 2.0 Short Blades
 - Level 2.4 Dodging
 + Level 6.2 Stealth


You couldn't memorise any spells.
You didn't know any spells.
Your spell library was empty.

Dungeon Overview and Level Annotations

Branches:
Dungeon (5/15)             Temple (1/1) D:4

Altars:
Ashenzari
Dithmenos
Fedhas
Nemelex Xobeh
Okawaru
Qazlal
Ru
Vehumet
Yredelemnul
Zin

Annotations:
D:4 Dowan, Duvessa


Message History

The orc mumbles, "Damn and blast!"
Dowan casts a spell.
Dowan blinks!
Unknown command.
Dowan mumbles some strange words.
Dowan blinks!
Found a stone staircase leading down.
Unknown command.
Duvessa gives up.
Duvessa gibbers meaninglessly.
Dowan gestures wildly while chanting.
Dowan blinks!
Duvessa shouts, "No!
I'll never do that again!"
Dowan mumbles some strange words.
Dowan blinks!
Dowan casts a spell.
Dowan blinks!
Dowan casts a spell.
Dowan blinks!
Dowan casts a spell.
Dowan blinks!
An orc priest comes into view. It is wielding a +0 dagger.
Dowan gestures wildly while chanting.
Dowan blinks!
Found a scroll of magic mapping.
You feel yourself speed up.
Unknown command.
You hear the hiss of an avalanche of sand very nearby.
Duvessa says, "When magic and the sword combine, nothing stands against them."
A bullfrog skeleton comes into view.
You open the door.
A kobold zombie comes into view.
Duvessa roars, "You can run, but you cannot escape us forever!"
Duvessa closely misses you.
There is an open door here.
Duvessa closely misses you.
You open the door.
A kobold zombie comes into view.
Duvessa hits you with a +0 rapier.
You die...

.. #.# #........# .o..
#.# #........# ... #.#
#........# ..##
+.###........#
#.###............# . #
#..##............# ..+.
###...#............#
...##Z'...o....#######o#
#..# #@e.#....#........
#...##..##o####..<.....
..#....#.###.# #.....##.
........##.'Z# #+######.
.........###.# +..
##........##.## #..
######....#..##.## ##.
##....?....... #.
####..###.... #.


You could see Duvessa (fast), an orc and a kobold zombie (dormant).

Vanquished Creatures
  A dart slug (D:4)
  A ball python (D:4)
2 creatures vanquished.

Notes
Turn   | Place    | Note
-------+----------+-------------------------------------------
     0 | D:5      | Spectrina the Deep Elf Delver began the quest for the Orb.
     0 | D:5      | Reached XP level 1. HP: 13/13 MP: 3/3
    38 | D:4      | Noticed an orc priest
    38 | D:4      | Noticed an orc wizard
    77 | D:4      | Found a staircase to the Ecumenical Temple.
    89 | Temple   | Entered the Ecumenical Temple
   157 | Temple   | Became a worshipper of Vehumet
   249 | D:4      | Noticed Duvessa
   249 | D:4      | Noticed Dowan
   261 | D:4      | Noticed an orc priest
   284 | D:4      | Slain by Duvessa

Illustrated notes

Levels and vault maps discovered:
D:4:      cheibrodos_pilgrimage, layout_gridville,
          nicolae_overflow_crystal_walls, minmay_temple_entry_glassed_door,
          nicolae_ossuary_entry_giza, uniq_duvessa
D:5:      layout_cave_pools, uniq_prince_ribbit1
Temple:   compressed_dpeg_circular_temple

Action                   || total
-------------------------++-------
Melee: Short sword       ||     9
  Use: Scroll            ||     1
       Potion            ||     1
 Stab: Sleeping          ||     1
Dodge: Dodged            ||     6

Table legend: (Time is in decaauts)
 A = Elapsed time spent in this place.
 B = Non-inter-level travel time spent in this place.
 C = Inter-level travel time spent in this place.
 D = Time resting spent in this place.
 E = Time spent auto-exploring this place.
 F = Levels seen in this place.
 G = Mean time per level.
                   A        B        C        D        E       F      G
               +--------+--------+--------+--------+--------+-----+--------+
         Total |    279 |    279 |      0 |      0 |      0 |   3 |   93.0 |
       Dungeon |    199 |    199 |      0 |      0 |      0 |   2 |   99.5 |
        Temple |     79 |     79 |      0 |      0 |      0 |   1 |   79.0 |
               +--------+--------+--------+--------+--------+-----+--------+

Top non-repeatable levels by time:
     D:4: 173 daAuts
  Temple: 79 daAuts
     D:5: 26 daAuts
